 Dungeon Crawl Stone Soup version 0.31-a0-986-g5e6e4ef867 (webtiles) character file.

Game seed: 12966657691662116292

9 Xavori the Trooper (level 2, -3/25 HPs)
             Began as a Djinni Chaos Knight on Nov 5, 2023.
             Was a Plaything of Xom.
             Slain by a warg (shapeshifter) (4 damage)
             ... while petrified by a basilisk
             ... on level 1 of the Dungeon.
             The game lasted 00:00:24 (128 turns).

Xavori the Trooper (Djinni Chaos Knight)             Turns: 128, Time: 00:00:25

Health: -3/25      AC:  5    Str: 11    XL:     2   Next: 20%
Gold:   11         EV:  2    Int: 13    God:    Xom [..*...] SH:  0 Dex: 12

rFire   + + .        a - +0 falchion (chaos)
rCold   x . .        (no shield)
rNeg    + + +        b - +2 leather armour
rPois   ∞            (no helmet)
rElec   .            (no cloak)
rCorr   .            (no gloves)
SInv    .            (boots unavailable)
Will    .....        (no amulet)
Stlth   +            (no ring)
HPRegen 0.24/turn    (no ring)
MPRegen 0.00/turn

%: infuse magic (-4 HP)
@: petrified, flying, hasted
A: sickness immunity, fire resistance 2, cold vulnerability 1, float, innate
caster, HP casting, extra vitality 1
a: Renounce Religion


You were on level 1 of the Dungeon.
You worshipped Xom.
You were a toy of Xom.
You visited 1 branch of the dungeon, and saw 1 of its levels.

You collected 11 gold pieces.

Inventory:

Hand Weapons
 a - a +0 falchion of chaos (weapon)
Armour
 b - a +2 leather armour (worn)
Scrolls
 c - a scroll of butterflies
 f - a scroll of teleportation {unknown}


   Skills:
 + Level 3.0 Fighting
 + Level 2.7 Long Blades
 + Level 1.1 Armour
 + Level 2.3 Dodging
 * Level 0.2 Spellcasting
 * Level 0.2 Conjurations
 * Level 0.2 Hexes
   Level 0.0 Charms
 * Level 0.2 Summonings
 * Level 0.2 Necromancy
 * Level 0.2 Translocations
 * Level 0.2 Transmutations
 * Level 0.2 Fire Magic
 * Level 0.2 Ice Magic
 * Level 0.2 Air Magic
 * Level 0.2 Earth Magic
 * Level 0.2 Poison Magic You didn't know any spells. Your spell library was empty.

Dungeon Overview and Level Annotations

Branches:
Dungeon (1/15)

Altars:


Innate Abilities, Weirdness & Mutations

You are immune to sickness and miasma.
You are immune to poison.
Your flesh is very heat resistant. (rF++)
You are vulnerable to cold. (rC-)
You float through the air rather than walking.
You learn spells naturally, not from books.
Your magical power is your life essence.
You have superior vitality. (+4 MHP)


Message History

You see here a giant cockroach corpse.
You barely miss the dart slug. The dart slug closely misses you.
You hit the dart slug.
The dart slug changes into a shapeshifter!
The shapeshifter changes into a basilisk!
You closely miss the basilisk. The basilisk bites you.
You closely miss the basilisk. The basilisk gazes at you.
You are slowing down.
You aren't carrying any items that you can evoke.
It was a potion of cancellation.
You feel limber!
You feel magically purged. The basilisk bites you.
It was a potion of haste.
You feel yourself speed up.
Xom thinks this is hilarious!
The basilisk bites you!
Ouch! That really hurt!
* * * LOW HITPOINT WARNING * * *
The basilisk gazes at you.
You are slowing down.
It was a potion of heal wounds.
You feel much better. The basilisk gazes at you.
You struggle to resist.
Your limbs are stiffening.
The basilisk barely misses you.
You see here a giant cockroach corpse.
You hit the basilisk.
The basilisk is lightly wounded.
The basilisk changes into a warg!
You have turned to stone.
The warg bites you. The warg bites you! The warg bites you! x3
* * * LOW HITPOINT WARNING * * *
The warg bites you.
* * * LOW HITPOINT WARNING * * *
The warg bites you but does no damage. The warg bites you.
* * * LOW HITPOINT WARNING * * *
The warg bites you!
You die...
Xom titters!

.......#.............†...
..............#........
##.....................
#..#......................
#.......##........########
#......wJ#.........##
#....###.l..........##
#......####......#...##
....###...@h....#.##...####
.##. #########...##.#.....
# #.#.##.#####.
#.#.##....... ###.#######..
### ##. ##


You could see a warg shaped shifter.

Vanquished Creatures
  A ball python (D:1)
  An endoplasm (D:1)
  2 giant cockroaches (D:1)
  A hobgoblin (D:1)
  A kobold (D:1)
  A frilled lizard (D:1)
7 creatures vanquished.

Notes
Turn   | Place    | Note
-------+----------+-------------------------------------------
     0 | D:1      | Xavori the Djinni Chaos Knight began the quest for the Orb.
     0 | D:1      | Reached XP level 1. HP: 20/20 MP: 0/0
     7 | D:1      | XOM: divination: detect creatures
    78 | D:1      | XOM: silly message
    90 | D:1      | XOM: potion effect (curing)
   103 | D:1      | Reached XP level 2. HP: 25/25 MP: 0/0
   113 | D:1      | a dart slug changed into a shapeshifter
   113 | D:1      | Noticed a shapeshifter (shapeshifter)
   113 | D:1      | a shapeshifter changed into a basilisk
   113 | D:1      | Noticed a basilisk (shapeshifter)
   121 | D:1      | a basilisk changed into a warg
   121 | D:1      | Noticed a warg (shapeshifter)
   128 | D:1      | HP: 1/25 [warg (shapeshifter) (2)]
   128 | D:1      | Slain by a warg (shapeshifter)

Illustrated notes

Levels and vault maps discovered:
D:1:      psy_arrival_spokes, layout_rooms, dreamdust_ecumenical_altar_statues

Action                     || total
---------------------------++-------
  Melee: Falchion          ||    36
    Use: Potion            ||     3
 Armour: Leather armour    ||    33
  Dodge: Dodged            ||    36

Table legend: (Time is in decaauts)
 A = Elapsed time spent in this place.
 B = Non-inter-level travel time spent in this place.
 C = Inter-level travel time spent in this place.
 D = Time resting spent in this place.
 E = Time spent auto-exploring this place.
 F = Levels seen in this place.
 G = Mean time per level.
                   A        B        C        D        E       F      G
               +--------+--------+--------+--------+--------+-----+--------+
         Total |    134 |    134 |      0 |      0 |     55 |   1 |  134.0 |
       Dungeon |    134 |    134 |      0 |      0 |     55 |   1 |  134.0 |
               +--------+--------+--------+--------+--------+-----+--------+

Top non-repeatable levels by time:
     D:1: 134 daAuts
